 Dungeon Crawl Stone Soup version 0.32-a0-607-g64ea0e4219 (webtiles) character file.

Game seed: 12380020452251049924

27047 backslashecho the Severer (level 13, -9/124 (147) HPs)
             Began as a Coglin Berserker on Mar 3, 2024.
             Was a High Priest of Trog.
             Mangled by Urug
             ... wielding a +5 great sword of holy wrath
              (24 damage)
             ... on level 3 of the Lair of Beasts.
             The game lasted 00:41:56 (15703 turns).

backslashecho the Severer (Coglin Berserker)       Turns: 15703, Time: 00:41:57

HP:   -9/124 (147)  AC: 17    Str: 26    XL:     13   Next: 29%
MP:   4/4           EV: 13    Int: 12    God:    Trog [*****.]
Gold: 1229          SH:  0    Dex: 14    Spells: 12/12 levels left

rFire   + . .        D - +3 war axe (antimagic) {Hwan}
rCold   . . .        c - +5 rapier of Capital Punishment {vamp, rPois rF+ Will+ Str+4}
rNeg    . . .        I - +0 chain mail
rPois   +            t - +1 helmet "Gaczilog" {Int+5}
rElec   .            y - +2 cloak {Stlth+}
rCorr   .            J - +1 pair of gloves
SInv    .            (no boots)
Will    +....        (amulet unavailable) Stlth
                     (ring unavailable)
HPRegen 0.40/turn    (ring unavailable)
MPRegen 0.09/turn    (no gizmo)

%: no passive effects
@: berserking, studying Dodging, heavily drained, revved, very quick
A: off-hand wielding, slow wielding, warmup strikes, no jewellery
a: Invent Gizmo, Renounce Religion, Berserk, Trog's Hand, Brothers in Arms


You were on level 3 of the Lair of Beasts.
You worshipped Trog.
Trog was extremely pleased with you.
You visited 2 branches of the dungeon, and saw 13 of its levels.

You collected 1229 gold pieces.

Inventory:

Hand Weapons
 c - the +5 rapier of Capital Punishment (offhand) {vamp, rPois rF+ Will+ Str+4}
   (You took it off a wight on level 6 of the Dungeon)

   Str+4:     It affects your strength (+4).
   rF+:       It protects you from fire.
   rPois:     It protects you from poison.
   Will+:     It increases your willpower.
 C - a +6 antimagic quick blade
 D - a +3 antimagic war axe (weapon) {Hwan}
 H - a +3 trident of draining {Fatehjeet}
Missiles
 a - 6 throwing nets
 G - 42 poisoned darts (quivered)
Armour
 t - the +1 helmet "Gaczilog" (worn) {Int+5}
   (You took it off Robin on level 4 of the Dungeon)

   Int+5:     It affects your intelligence (+5).
 y - a +2 cloak of stealth (worn)
 I - a +0 chain mail (worn)
 J - a +1 pair of gloves (worn)
Wands
 j - a wand of paralysis (6)
 n - a wand of flame (8)
 q - a wand of iceblast (3)
 w - a wand of mindburst (11)
 z - a wand of quicksilver (18)
 B - a wand of digging (11)
Scrolls
 b - 4 scrolls of identify
 d - 2 scrolls of silence
 g - 2 scrolls of poison
 h - 2 scrolls of noise
 i - a scroll of revelation
 k - 5 scrolls of teleportation
 l - a scroll of brand weapon
 p - a scroll of fear
 s - a scroll of torment
 v - a scroll of immolation
 x - a scroll of enchant weapon
 A - 2 scrolls of enchant armour
 K - a scroll of blinking
Potions
 e - a potion of enlightenment
 f - 2 potions of haste
 m - a potion of magic
 o - a potion of heal wounds
 r - 3 potions of curing
 u - a potion of lignification {unknown}
 E - a potion of might
 F - 10 potions of ambrosia


   Skills:
 - Level 8.0 Fighting
 - Level 6.0 Short Blades
 * Level 16.1 Axes
 - Level 6.0 Throwing
 - Level 5.0 Armour
 + Level 9.8 Dodging
 + Level 5.3 Evocations


You had 12 spell levels left.
You didn't know any spells.
Your spell library was empty.

Dungeon Overview and Level Annotations

Branches:
Dungeon (10/15)            Temple (0/1) D:6            Lair (3/5) D:8
  Snake (0/4) Lair:3
  Swamp: Lair:2-3    Shoals: Lair:2-3       Orc: D:9-12

Altars:
Fedhas
Hepliaklqana
Kikubaaqudgha
Okawaru
Qazlal

Annotations:
D:3 exclusion: 2 goblins
Lair:2 2 exclusions
Lair:3 Urug


Innate Abilities, Weirdness & Mutations

You can wield a second weapon in your off-hand.
It takes a long time for you to wield or remove held weapons.
Your first few attacks do less damage.
You cannot equip rings or amulets.


Message History

You feel drained.
You take 3 damage, and have 15/124 hp.
You closely miss the hell rat with the +5 rapier of Capital Punishment.
You puncture the hell rat with your +3 trident of draining!
The hell rat bites you but does no damage.
You puncture the hell rat with the +5 rapier of Capital Punishment!
You kill the hell rat!
Trog accepts your kill.
Things that are here:
a hell rat corpse; a hell rat corpse You feel a strong urge to attack something.
You feel your anger nearly subside.
You are no longer berserk.
You are exhausted.
You feel yourself slow down.
You now have 11/83 hp.
There is a stone staircase leading up here.
You climb upwards.
Level annotation: 2 exclusions
There is a stone staircase leading down, spattered with blood here.
You start resting.
You feel yourself speed up.
You regained 8 hp, and now have 21/83 hp.
You start resting.
You recover from your berserk rage.
You regained 2 hp, and now have 23/83 hp.
You start resting.
HP restored.
Health restored: 83 You start waiting.
Done waiting.
You're wielding all the weapons you can.
Replace which one? (? for menu, Esc to cancel) < or
H - a +3 trident of draining {Fatehjeet}; > or
c - the +5 rapier of Capital Punishment {vamp, rPois rF+ Will+ Str+4} You start parting from your weapon.
You continue parting from your +3 trident of draining {Fatehjeet}. x4
You whisper farewell to Fatehjeet.
You finish parting from your +3 trident of draining {Fatehjeet}.
You start attuning to your weapon.
You continue attuning to your +3 antimagic war axe {Hwan}. x5
You finish attuning to your +3 antimagic war axe {Hwan}.
You feel magic leave you.
You welcome your +3 antimagic war axe "Hwan" back into your grasp.
You now have 4/4 mp.
You start waiting.
Done waiting.
You climb downwards.
Level annotation: Urug
There is a stone staircase leading up here.
Urug screams, "Die, harpy!"
Urug throws a javelin.
The javelin misses you.
Urug is nearby!
You start waiting.
Urug is nearby!
Urug throws a javelin.
The javelin pierces through you but does no damage.
Urug hits you with a +5 great sword of holy wrath.
You take 1 damage, and have 82/83 hp.
A red film seems to cover your vision as you go berserk!
You feel yourself moving faster!
You feel mighty!
Urug hits you with a +5 great sword of holy wrath!!
You now have 97/124 hp.
You barely miss Urug with the +5 rapier of Capital Punishment.
You completely miss Urug with your +3 antimagic war axe.
Urug squints, then shrugs and mutters, "Close enough."
Urug hits you with a +5 great sword of holy wrath!!
You take 28 damage, and have 69/124 hp.
MASSIVE DAMAGE!!
You slash Urug with your +3 antimagic war axe!
Urug is moderately wounded.
You closely miss Urug with the +5 rapier of Capital Punishment.
You closely miss Urug with your +3 antimagic war axe.
Urug is moderately wounded.
You closely miss Urug with the +5 rapier of Capital Punishment.
Urug hits you with a +5 great sword of holy wrath!
You take 10 damage, and have 59/124 hp.
You slash Urug with your +3 antimagic war axe!
Urug is heavily wounded.
You barely miss Urug with the +5 rapier of Capital Punishment.
You closely miss Urug with your +3 antimagic war axe.
Urug is heavily wounded.
You hit Urug with the +5 rapier of Capital Punishment.
Urug hits you with a +5 great sword of holy wrath!!
* * * LOW HITPOINT WARNING * * *
You take 22 damage, and have 37/124 hp.
You are too injured to fight recklessly!
You closely miss Urug with your +3 antimagic war axe.
Urug is heavily wounded.
You barely miss Urug with the +5 rapier of Capital Punishment.
Urug hits you with a +5 great sword of holy wrath!!
* * * LOW HITPOINT WARNING * * *
You take 24 damage, and have 13/124 hp.
You hit Urug with the +5 rapier of Capital Punishment.
You feel better.
Urug is heavily wounded.
You barely miss Urug with your +3 antimagic war axe.
You slash Urug with your +3 antimagic war axe!
Urug is severely wounded.
You hit Urug with the +5 rapier of Capital Punishment.
Urug hits you with a +5 great sword of holy wrath!!
You die...
Urug screams, "Revenge at last!"

.##...### ### ##.## .....
.##...#####.####...##..o..
..............##........##
.............##P.......#.#
.......<.....###........#
.............##........#
.............#.........#
##.#.#.###......o##.......
.#....#.#.......@# ......#
###.#+ ###.......###......
##.. #....#...# #.##.. #..
#.....#...# ## . .#
#.....#...# #...
#.........P# .#..
..ß..##..### .#... .. ...#
.. .ß . ....#


You could see Urug.

Vanquished Creatures
  4 two-headed ogres
  A boulder beetle (Lair:1)
  Lodul (D:10)
  Pikel (D:7)
  11 elephants
  A black mamba (Lair:2)
  Maggie (D:9)
  A torpor snail (Lair:2)
  9 cane toads
  A gargoyle (D:10)
  Jeremiah (D:7)
  2 komodo dragons
  Psyche (D:10)
  2 polar bears (Lair:2)
  A queen bee (D:9)
  2 hornets
  5 blink frogs (Lair:1)
  Prince Ribbit (D:7)
  3 dream sheep
  A wyvern (D:10)
  2 basilisks
  22 yaks
  A steam dragon (D:7)
  An acid dragon (D:9)
  6 water moccasins
  An orc warrior (D:9)
  A black bear (D:7)
  An ice beast (D:6)
  12 ogres
  3 centaurs
  A phantom (D:4)
  22 wolves
  A lemure (D:7)
  5 kobold brigands
  4 gnoll sergeants
  8 bullfrogs
  8 wights (D:6)
  30 killer bees
  An electric eel (Lair:3)
  A bombardier beetle (D:4)
  4 hounds
  2 orc priests
  Crazy Yiuf (D:5)
  4 gnoll boudas
  Jessica (D:2)
  Natasha (thrice) (D:4)
  4 iguanas
  3 orc wizards
  11 hell rats
  Robin (D:4)
  2 adders
  32 gnolls
  A shadow imp (D:6)
  4 white imps
  2 dart slugs
  2 ribbon worms
  19 orcs
  10 ball pythons
  6 endoplasms
  4 giant cockroaches
  9 goblins
  11 hobgoblins
  4 jackals (D:10)
  3 quokkas
  12 bats
  3 frilled lizards
  36 kobolds
  5 rats
380 creatures vanquished.

Notes
Turn   | Place    | Note
-------+----------+-------------------------------------------
     0 | D:1      | backslashecho the Coglin Berserker began the quest for the
                  | Orb.
     0 | D:1      | Reached XP level 1. HP: 18/18 MP: 1/1
    87 | D:1      | Reached XP level 2. HP: 21/24 MP: 2/2
   323 | D:1      | Reached skill level 1 in Short Blades
   367 | D:1      | Reached XP level 3. HP: 29/29 MP: 3/3
   514 | D:1      | Reached ** piety under Trog
   524 | D:1      | Found a faded altar of an unknown god.
  1606 | D:2      | Noticed Jessica
  1613 | D:2      | Killed Jessica
  1614 | D:2      | Reached XP level 4. HP: 35/35 MP: 4/4
  2475 | D:3      | Reached skill level 4 in Axes
  2485 | D:3      | Found an iron altar of Okawaru.
  2657 | D:4      | Noticed an ogre
  2705 | D:4      | Identified the +1 helmet "Gaczilog" {Int+5}
  2705 | D:4      | Noticed Robin
  2712 | D:3      | Reached *** piety under Trog
  2770 | D:4      | Killed an ogre
  2771 | D:4      | Reached XP level 5. HP: 42/42 MP: 5/5
  2973 | D:4      | Reached XP level 6. HP: 48/48 MP: 6/6
  3032 | D:3      | Reached skill level 5 in Axes
  3077 | D:4      | Killed Robin
  3503 | D:4      | Reached XP level 7. HP: 45/55 MP: 7/7
  3698 | D:4      | Noticed Natasha
  3705 | D:4      | Killed Natasha
  3706 | D:4      | Reached skill level 6 in Axes
  3745 | D:4      | Noticed Natasha
  3759 | D:4      | Killed Natasha
  3760 | D:4      | Reached skill level 5 in Fighting
  3900 | D:4      | Noticed Natasha
  3907 | D:4      | Killed Natasha
  3919 | D:5      | Entered Level 5 of the Dungeon
  4467 | D:5      | HP: 2/54 [centaur (2)]
  4472 | D:5      | Reached skill level 7 in Axes
  5185 | D:5      | Found a runed translucent door.
  5186 | D:5      | Noticed Crazy Yiuf
  5193 | D:5      | Killed Crazy Yiuf
  5300 | D:6      | Reached XP level 8. HP: 64/64 MP: 8/8
  5307 | D:6      | Identified the +5 rapier of Capital Punishment {vamp, rPois
                  | rF+ Will+ Str+4}
  5369 | D:6      | Found a staircase to the Ecumenical Temple.
  5557 | D:6      | Reached skill level 8 in Axes
  5978 | D:6      | Found a blossoming altar of Fedhas.
  6044 | D:6      | Reached XP level 9. HP: 69/69 MP: 3/9
  6709 | D:7      | Noticed Jeremiah
  6765 | D:7      | Reached skill level 9 in Axes
  7277 | D:7      | Noticed Prince Ribbit
  7292 | D:7      | Killed Jeremiah
  7293 | D:7      | Reached skill level 5 in Short Blades
  7313 | D:7      | Killed Prince Ribbit
  7468 | D:7      | Noticed Pikel
  7477 | D:7      | Killed Pikel
  7478 | D:7      | Reached skill level 10 in Axes
  7478 | D:7      | Reached XP level 10. HP: 76/76 MP: 3/10
  7958 | D:7      | Found a hazy altar of Hepliaklqana.
  8293 | D:8      | Reached skill level 5 in Armour
  8313 | D:8      | Found a staircase to the Lair.
  8323 | D:8      | Reached skill level 11 in Axes
  8444 | D:8      | Found an ancient bone altar of Kikubaaqudgha.
  9080 | D:9      | Reached **** piety under Trog
  9183 | D:9      | Reached skill level 12 in Axes
  9232 | D:9      | Found a stormy altar of Qazlal.
  9363 | D:9      | Noticed Maggie
  9372 | D:9      | Killed Maggie
  9455 | D:9      | Reached skill level 1 in Throwing
  9660 | D:9      | Reached XP level 11. HP: 84/84 MP: 3/11
 10080 | D:9      | Identified a scroll of acquirement
 10080 | D:9      | Acquired a manual of Dodging
 10085 | D:10     | Entered Level 10 of the Dungeon
 10247 | D:9      | Noticed a two-headed ogre
 10253 | D:9      | Killed a two-headed ogre
 10370 | D:10     | Noticed a two-headed ogre
 10381 | D:10     | Killed a two-headed ogre
 10382 | D:10     | Reached skill level 13 in Axes
 10644 | D:10     | Noticed Lodul
 10990 | D:10     | Killed Lodul
 11299 | D:10     | Noticed a two-headed ogre
 11313 | D:10     | Killed a two-headed ogre
 11543 | D:10     | Noticed a two-headed ogre
 11555 | D:10     | Killed a two-headed ogre
 11556 | D:10     | Reached skill level 5 in Dodging
 11787 | D:10     | Noticed Psyche
 11792 | D:10     | Killed Psyche
 12005 | D:10     | Reached ***** piety under Trog
 12021 | D:10     | Reached skill level 14 in Axes
 12024 | D:10     | Reached XP level 12. HP: 92/92 MP: 4/12
 12410 | Lair:1   | Entered Level 1 of the Lair of Beasts
 12825 | Lair:1   | Reached skill level 5 in Throwing
 13285 | Lair:1   | Noticed a boulder beetle
 13298 | Lair:1   | Killed a boulder beetle
 13611 | Lair:2   | Reached skill level 15 in Axes
 13718 | Lair:2   | Reached skill level 1 in Evocations
 14118 | Lair:2   | Received a gift from Trog
 14137 | Lair:2   | Reached XP level 13. HP: 88/98 MP: 13/13
 14551 | Lair:2   | Reached skill level 9 in Dodging
 14706 | Lair:3   | Reached skill level 16 in Axes
 14712 | Lair:3   | Reached skill level 5 in Evocations
 14719 | Lair:3   | Noticed Urug
 15153 | Lair:3   | Found a staircase to the Snake Pit.
 15703 | Lair:3   | Mangled by Urug

Illustrated notes

Levels and vault maps discovered:
D:1:      minmay_arrival_doors, layout_basic, serial_glass, glass_columns_c,
          glass_columns_a, dreamdust_ecumenical_altar_grove, minmay_pentomino_u2
D:2:      minmay_alternating_diamond, layout_basic, st_stairs_5, uniq_jessica
D:3:      layout_basic, kennysheep_okawaru_gauntlet
D:4:      layout_rooms, minmay_puff, uniq_robin, uniq_natasha
D:5:      layout_cave_pods, minmay_tree_intersection, uniq_crazy_yiuf_cottage
D:6:      layout_basic, fedhas_bush_and_centaur_altar, minmay_temple_entry_waves
D:7:      layout_cave_pools, nicolae_hepliaklqana_hippocampus, uniq_jeremiah,
          uniq_pikel, uniq_prince_ribbit1
D:8:      layout_loops_ring, old_standard_altar, grunt_lair_entry_orc_guard_hut
D:9:      layout_roguey [special_room_bee], old_standard_altar, uniq_maggie
D:10:     layout_cave_pools, serial_gnoll_camp, gnoll_camp_mini_loothouse,
          gnoll_camp_mini_house, gnoll_camp_medium_01, gnoll_camp_mini_hut,
          gnoll_camp_medium_02, uniq_psyche, uniq_lodul
Lair:1:   layout_chaotic_city
Lair:2:   layout_loops_ring
Lair:3:   layout_cellular_growth, elwin_shoals_entry_rocks, dummy_snake_entry,
          cheibrodos_lair_caveside_slide, grunt_megastairs_3, uniq_urug

Skill      XL: |  1  2  3  4  5  6  7  8  9 10 11 12 13 |
---------------+----------------------------------------+-----
Armour         | 2 3 4 5 |  5.0
Short Blades   | 1 2 4 6 |  6.0
Dodging        | 2 5 8 9 |  9.8
Axes           | 4 5 7 8 10 12 14 15 16 | 16.1
Fighting       | 4 5 6 7 8 |  8.0
Throwing       | 1 4 6 |  6.0
Evocations     | 3 5 |  5.3

Action                     |  1- 3 |  4- 6 |  7- 9 | 10-12 | 13-15 || total
---------------------------+-------+-------+-------+-------+-------++-------
  Melee: Hand axe          |    70 |   110 |   139 |       |       ||   319
         Dagger            |    65 |   102 |   111 |       |       ||   278
         Rapier            |       |       |    88 |   568 |    95 ||   751
         War axe           |       |       |    65 |   357 |     8 ||   430
         Trident           |       |       |       |   268 |    84 ||   352
  Throw: Dart              |       |       |       |    18 |       ||    18
         Throwing net      |       |       |       |     2 |       ||     2
 Invoke: Berserk           |     1 |     5 |    13 |    10 |     3 ||    32
         Trog's Hand       |       |       |     1 |     2 |       ||     3
  Evoke: Wand              |       |     2 |       |     8 |       ||    10
    Use: Scroll            |       |       |       |    26 |     2 ||    28
   Stab: Sleeping          |     1 |     3 |     1 |       |       ||     5
         Paralysed         |       |       |       |     7 |       ||     7
 Armour: Animal skin       |    39 |    75 |   146 |       |       ||   260
         Chain mail        |       |       |       |   474 |   116 ||   590
  Dodge: Dodged            |    52 |    79 |   138 |   341 |    70 ||   680

Table legend: (Time is in decaauts)
 A = Elapsed time spent in this place.
 B = Non-inter-level travel time spent in this place.
 C = Inter-level travel time spent in this place.
 D = Time resting spent in this place.
 E = Time spent auto-exploring this place.
 F = Levels seen in this place.
 G = Mean time per level.
                   A        B        C        D        E       F      G
               +--------+--------+--------+--------+--------+-----+--------+
         Total |  15953 |  14415 |   1538 |   3663 |   7627 |  13 | 1227.2 |
       Dungeon |  12742 |  11330 |   1412 |   2763 |   6102 |  10 | 1274.2 |
          Lair |   3211 |   3085 |    126 |    900 |   1524 |   3 | 1070.3 |
               +--------+--------+--------+--------+--------+-----+--------+

Top non-repeatable levels by time:
     D:9: 2209 daAuts
  Lair:2: 1732 daAuts
     D:6: 1675 daAuts
     D:5: 1581 daAuts
     D:3: 1406 daAuts
    D:10: 1283 daAuts
  Lair:1: 1056 daAuts
     D:8: 985 daAuts
     D:2: 914 daAuts
     D:1: 902 daAuts
     D:7: 895 daAuts
     D:4: 887 daAuts
  Lair:3: 422 daAuts
